 Dungeon Crawl Stone Soup version 0.20-a0-641-g673355a (webtiles) character file.

3099 Laan the Thaumaturge (level 9, -1/57 HPs)
             Began as a Mummy Fire Elementalist on Feb 14, 2017.
             Was an Initiate of Vehumet.
             Slain by lupus83's ghost (11 damage)
             ... on level 6 of the Dungeon.
             The game lasted 00:15:48 (7622 turns).

Laan the Thaumaturge (Mummy Fire Elementalist)      Turns: 7622, Time: 00:15:49

Health: -1/57      AC:  6    Str: 11    XL:     9   Next: 59%
Magic:  16/21      EV: 12    Int: 18    God:    Vehumet [......]
Gold:   291        SH:  3    Dex: 12    Spells: 11/24 levels left

rFire    x . .     SeeInvis .   c - +1 short sword (elec)
rCold    + . .     Gourm    .   a - +0 robe
rNeg     + + +     Faith    .   (no shield)
rPois    ∞         Spirit   .   v - +0 helmet
rElec    .         Reflect  +   (no cloak)
rCorr    +         Harm     .   (no gloves)
MR       +....                  (no boots)
Stlth    ++........             i - +3 amulet of reflection
Regen    0.2/turn               j - ring of resist corrosion
MPRegen  0.2/turn               e - +3 ring of protection

@: about to teleport
A: no food or potions, fire vulnerability, cold resistance 1, negative energy
resistance 3, torment resistance, unbreathing
a: Renounce Religion


You were on level 6 of the Dungeon.
You worshipped Vehumet.
Vehumet was noncommittal.
You were not hungry.

You visited 2 branches of the dungeon, and saw 7 of its levels.
You also visited: Ossuary.

You collected 291 gold pieces.

Inventory:

Hand Weapons
 c - a +1 short sword of electrocution (weapon)
 p - a +0 whip of flaming
Armour
 a - a +0 robe (worn)
 v - a +0 helmet (worn)
Jewellery
 e - a +3 ring of protection (left hand)
 i - a +3 amulet of reflection (around neck)
 j - a ring of resist corrosion (right hand)
Scrolls
 d - 2 scrolls of recharging
 f - 6 scrolls of identify
 h - 2 scrolls of amnesia
 k - 3 scrolls of remove curse
 m - a scroll of teleportation
Books
 b - a book of Flames

   Spells                             Type                      Level
   a - Flame Tongue                   Conjuration/Fire             1
   b - Throw Flame                    Conjuration/Fire             2
   c - Conjure Flame                  Conjuration/Fire             3
   d - Inner Flame                    Hexes/Fire                   3
   e - Sticky Flame                   Conjuration/Fire             4
   f - Fireball                       Conjuration/Fire             5
 t - a book of Battle

   Spells                             Type                      Level
   a - Infusion                       Charms                       1
   b - Shroud of Golubria             Charms/Translocation         2
   c - Song of Slaying                Charms                       2
   d - Spectral Weapon                Hexes/Charms                 3
   e - Regeneration                   Charms/Necromancy            3


   Skills:
 - Level 1.5 Dodging
 - Level 1.5 Stealth
 + Level 8.4 Spellcasting
 * Level 8.0 Conjurations
 + Level 6.1 Fire Magic


You had 11 spell levels left.
You knew the following spells:

 Your Spells              Type           Power        Failure   Level  Hunger
a - Flame Tongue          Conj/Fire      ####.        1%          1    N/A
b - Conjure Flame         Conj/Fire      ####....     1%          3    N/A
c - Sticky Flame          Conj/Fire      ####....     6%          4    N/A
d - Fireball              Conj/Fire      ####......   17%         5    N/A

Dungeon Overview and Level Annotations

Branches:
Dungeon (6/15)             Temple (1/1) D:5

Altars:
Cheibriados
Dithmenos
Gozag
Kikubaaqudgha
Okawaru
Vehumet
Yredelemnul

Annotations:
D:6 lupus83's ghost, novice MiFi


Innate Abilities, Weirdness & Mutations

You do not eat or drink.
Your flesh is vulnerable to fire.
You are immune to poison.
Your flesh is cold resistant. (rC+)
You are immune to negative energy. (rN+++)
You are immune to unholy pain and torment.
You can survive without breathing.


Message History

You barely miss lupus83's ghost.
Lupus83's ghost is lightly damaged.
Lupus83's ghost is engulfed in blazing flames.
Lupus83's ghost says, "Live by the sword, die by the sword."
Lupus83's ghost hits you.
You hit lupus83's ghost but do no damage.
Lupus83's ghost is moderately damaged.
Lupus83's ghost is engulfed in blazing flames.
Lupus83's ghost hits you!
Press: ? - help, v - describe, . - travel
Here: lupus83's ghost (flame, moderately damaged)
The floor.
Unknown command.
Unknown command.
Lupus83's ghost is engulfed in blazing flames.
Lupus83's ghost hits you!
* * * LOW HITPOINT WARNING * * *
As you read the scroll of teleportation, it crumbles to dust.
You feel strangely unstable. Lupus83's ghost hits you!
You die...

#.# #. #.# ######### #.# #.###
#.......# #.###...# #.......#
#.#...#.# #.......######
######...#.#.###.......##...
#.....>.................#.###
#........#.#.###............#
#......[.....W@...!.......#.#
#######.###.#......#####...# .
............######...###...# .#
#######.#####≈≈≈≈###...#...###.#
.........###≈≈≈≈≈≈###...........
######..........≈≈..$.##........
#........W..≈≈...##....####
#..[....≈≈....≈..#.........
#......≈..≈≈..≈..#.##..####


You could see lupus83's ghost.

Vanquished Creatures
  Pikel (D:4)
  The ghost of Laan the Shield-Bearer, an amateur FoFi (D:3)
  Grinder (D:5)
  Menkaure (D:5)
  Duvessa (D:5)
  An ice beast (D:6)
  A phantom (D:5)
  3 ogres
  Dowan (D:5)
  11 scorpions
  A howler monkey (D:6)
  An electric eel (D:6)
  3 crimson imps
  A quasit (D:5)
  2 centaur zombies
  3 human zombies (Ossuary)
  A jelly (D:5)
  A centaur skeleton (D:6)
  2 hounds
  An iguana (D:5)
  6 worker ants
  A big kobold zombie (Ossuary)
  A hound zombie (D:5)
  4 mummies
  7 gnolls
  4 scorpion zombies (Ossuary)
  7 adders
  3 shadow imps
  2 oozes (D:3)
  2 adder skeletons (D:4)
  2 worms
  A dart slug (D:2)
  2 leopard geckos (D:5)
  9 orcs
  4 giant cockroaches
  5 hobgoblins
  A jackal (D:4)
  7 kobolds
  4 quokkas
  A ball python (D:3)
  7 bats
  A frilled lizard (D:3)
  11 goblins
  3 goblin zombies (Ossuary)
  2 kobold zombies (Ossuary)
  A leopard gecko skeleton (D:4)
  2 orc zombies (Ossuary)
  A quokka skeleton (D:6)
  8 rats
147 creatures vanquished.

Vanquished Creatures (others)
  A slave (D:4)
  A hound (D:4)
  A shadow imp (D:4)
3 creatures vanquished.

Grand Total: 150 creatures vanquished

Notes
Turn   | Place    | Note
-------+----------+-------------------------------------------
     0 | D:1      | Laan the Mummy Fire Elementalist began the quest for the Orb.
     0 | D:1      | Reached XP level 1. HP: 13/13 MP: 4/4
   111 | D:1      | Reached skill level 1 in Conjurations
   321 | D:1      | Reached XP level 2. HP: 18/19 MP: 5/5
   460 | D:1      | Reached XP level 3. HP: 15/24 MP: 5/7
  1138 | D:2      | Reached XP level 4. HP: 13/30 MP: 2/9
  2188 | D:3      | Noticed Laan's ghost (amateur FoFi)
  2282 | D:2      | Learned a level 3 spell: Conjure Flame
  2287 | D:2      | Learned a level 4 spell: Sticky Flame
  2358 | D:3      | Reached XP level 5. HP: 25/35 MP: 7/10
  2474 | D:3      | Killed Laan's ghost
  2474 | D:3      | Reached XP level 6. HP: 17/41 MP: 7/12
  3562 | D:4      | Noticed a slave
  3563 | D:4      | Noticed Pikel
  3564 | D:4      | Noticed a slave
  3567 | D:4      | Noticed a slave
  3576 | D:4      | Killed Pikel
  3576 | D:4      | Reached skill level 5 in Spellcasting
  3576 | D:4      | Reached skill level 5 in Conjurations
  3576 | D:4      | Reached XP level 7. HP: 23/46 MP: 1/15
  4219 | D:4      | Learned a level 5 spell: Fireball
  4248 | D:5      | Entered Level 5 of the Dungeon
  4318 | D:5      | Noticed Grinder
  4349 | D:5      | Killed Grinder
  4349 | D:5      | Reached XP level 8. HP: 41/52 MP: 2/17
  4430 | D:5      | Noticed Duvessa
  4733 | D:5      | Found a sand-covered staircase.
  4741 | Ossuary  | Entered an ossuary
  5107 | Ossuary  | Reached skill level 5 in Fire Magic
  5656 | Ossuary  | Reached XP level 9. HP: 16/57 MP: 2/20
  5990 | D:5      | Noticed Menkaure
  5997 | D:5      | Killed Menkaure
  6049 | D:5      | Killed Duvessa
  6050 | D:5      | Noticed Dowan
  6115 | D:5      | Killed Dowan
  6391 | D:5      | Found a staircase to the Ecumenical Temple.
  6399 | Temple   | Entered the Ecumenical Temple
  6411 | Temple   | Became a worshipper of Vehumet
  6940 | D:6      | Found a basalt altar of Yredelemnul.
  7210 | D:6      | Noticed lupus83's ghost (novice MiFi)
  7622 | D:6      | Slain by lupus83's ghost

Vault maps used:
D:1:      matt_arrival_diagonals
D:3:      fountainhead, dk_noncrumbling_3, grunt_ministairs_13,
          minmay_tree_intersection, minivault_27,
          corexii_item_surrounded_by_moat
D:4:      first_bread, uniq_pikel
D:5:      temple_fountains, gup_ossuary_entry_pyramid, uniq_duvessa,
          uniq_menkaure, uniq_grinder
D:6:      cheibrodos_helix_gallery, basic_altar
Temple:   regret_index_temple_chain_breaker
Ossuary:  ossuary_minmay_scorpions

Skill      XL: |  1  2  3  4  5  6  7  8  9 |
---------------+----------------------------+-----
Conjurations   | 1 2 3 5 6 8 |  8.0
Spellcasting   | 3 4 5 6 7 8 |  8.4
Fire Magic     | 3 4 5 6 |  6.1
Dodging        | |  1.5
Stealth        | |  1.5

Action                   |  1- 3 |  4- 6 |  7- 9 || total
-------------------------+-------+-------+-------++-------
Melee: Short sword       |    64 |    47 |    82 ||   193
 Cast: Flame Tongue      |    15 |    71 |   259 ||   345
       Conjure Flame     |       |     2 |     2 ||     4
       Sticky Flame      |       |       |     3 ||     3
  Use: Scroll            |       |       |    13 ||    13
 Stab: Sleeping          |     3 |     6 |     1 ||    10
Armor: Robe              |    18 |    13 |    44 ||    75
Dodge: Dodged            |    49 |    42 |    94 ||   185
Block: Other             |       |     7 |    21 ||    28
       Reflection        |       |     1 |       ||     1
